 Dungeon Crawl Stone Soup version 0.31.0-9-g3a7656b989 (webtiles) character file.

Game seed: 1863070607649401810

13721 qw the Nimble (level 11, -7/55 HPs)
             Began as a Spriggan Hunter on Feb 2, 2024.
             Was a High Priest of Okawaru.
             Mangled by a tarantella (12 damage)
             ... on level 2 of the Lair of Beasts.
             The game lasted 00:01:16 (10130 turns).

qw the Nimble (Spriggan Hunter)                    Turns: 10130, Time: 00:01:16

Health: -7/55      AC:  8    Str:  7    XL:     11   Next: 79%
Magic:  17/19      EV: 36    Int: 10    God:    Okawaru [*****.]
Gold:   579        SH:  0    Dex: 24    Spells: 10/10 levels left

rFire   + . .        m - +3 orcbow (heavy)
rCold   . . .        (shield currently unavailable)
rNeg    . . .        g - +2 robe {rF+}
rPois   .            (helmet restricted)
rElec   .            (no cloak)
rCorr   .            (gloves unavailable)
SInv    +            (boots unavailable)
Will    +....        j - amulet of faith
Stlth   ++           q - +4 ring of protection
HPRegen 0.29/turn    f - +5 ring of evasion
MPRegen 0.16/turn

%: faith
@: finesse-ful, very quick
A: very small, no large weapons, unfitting armour, see invisible, speed 3
a: Renounce Religion, Heroism, Finesse, Duel


You were on level 2 of the Lair of Beasts.
You worshipped Okawaru.
Okawaru was extremely pleased with you.
You visited 2 branches of the dungeon, and saw 11 of its levels.

You collected 579 gold pieces.


Innate Abilities, Weirdness & Mutations

You are very small and have problems with some larger weapons.
You are too small for most types of armour.
You have supernaturally acute eyesight. (SInv)
You cover ground extremely quickly. (Speed+++)


   Skills:
 - Level 5.0 Fighting
 + Level 12.5 Ranged Weapons
 - Level 13.0 Dodging
 - Level 1.5 Stealth
 - Level 10.0 Invocations


You had 10 spell levels left.
You didn't know any spells.
Your spell library was empty.

Inventory:

Hand Weapons
 m - a +3 heavy orcbow (weapon)
Armour
 g - a +2 robe of fire resistance (worn)
Jewellery
 c - a ring of protection from fire
 d - a ring of fire
 f - a +5 ring of evasion (right hand)
 j - an amulet of faith (around neck)
 p - an amulet of reflection
 q - a +4 ring of protection (left hand)
Wands
 e - a wand of digging (5)
 n - a wand of acid (8)
 o - a wand of iceblast (6)
Scrolls
 k - a scroll of enchant armour
 l - 2 scrolls of identify
Potions
 a - a potion of resistance
 b - 2 potions of might
 i - a potion of curing

Dungeon Overview and Level Annotations

Branches:
Dungeon (9/15)             Temple (0/1) D:4            Lair (2/5) D:9
 Spider (0/4) Lair:2
  Swamp: Lair:2-3    Shoals: Lair:2-3       Orc: D:9-12

Altars:
Makhleb
Okawaru
Sif Muna
Uskayaw
The Shining One

Annotations:
D:5 1 runed translucent door, Crazy Yiuf
D:9 4 runed translucent doors


Message History

The tarantella completely misses you.
You shoot an arrow. The arrow hits the cane toad!
The cane toad is severely wounded.
The blink frog blinks!
The cane toad completely misses you. The tarantella completely misses you.
The blink frog completely misses you.
You shoot an arrow. The arrow closely misses the cane toad.
A blink frog comes into view.
The cane toad misses you. The tarantella completely misses you.
You shoot an arrow. The arrow hits the cane toad!
You kill the cane toad!
Okawaru accepts your kill.
A freezing mist starts to gather...
A cane toad simulacrum comes into view.
The blink frog blinks!
The tarantella completely misses you.
You shoot an arrow. The arrow barely misses the blink frog.
The blink frog misses you.
A blink frog comes into view. x2
The tarantella touches you but does no damage.
You shoot an arrow.
The arrow closely misses the blink frog.
The blink frog barely misses you. x2; The blink frog blinks!
The tarantella completely misses you. The blink frog completely misses you.
You shoot an arrow.
The arrow barely misses the blink frog. x2
The blink frog misses you.
The blink frog blinks! x2
The tarantella closely misses you.
You shoot an arrow. The arrow misses the blink frog.
The arrow hits the blink frog!!
The blink frog is almost dead.
You hear a croak. x2
The blink frog completely misses you. The blink frog barely misses you.
The blink frog completely misses you.
You hear an angry hiss.
You shoot an arrow. The arrow hits the blink frog!!
You kill the blink frog!
Okawaru accepts your kill. The tarantella touches you!
The blink frog blinks!
The blink frog completely misses you.
You shoot an arrow. The arrow misses the blink frog.
The tarantella touches you!
You die...

.. .# .. .# #.
F# #... F#...#.
###......#
#@F.....#
......FsF.>.....
.###..FZ.¤....#.
.....###....[.#
...... .#.....
###... .¤##...
#.. .#. ... #.#
.... ..


You could see 4 blink frogs, a tarantella (soul bound) and a cane toad
simulacrum.

Vanquished Creatures
  Erica (D:8)
  2 two-headed ogres (D:9)
  A boulder beetle (D:9)
  A pharaoh ant (Lair:2)
  Pikel (D:5)
  A manticore (D:9)
  3 cane toads
  Prince Ribbit (D:8)
  6 blink frogs
  Sigmund (D:5)
  Eustachio (D:6)
  21 yaks
  A steam dragon (D:8)
  Duvessa (D:5)
  6 water moccasins
  6 orc warriors
  2 ice beasts (D:6)
  4 black bears
  3 centaurs
  2 phantoms (D:5)
  A lemure (D:5)
  6 bullfrogs
  7 scorpions
  4 wights (D:6)
  Dowan (D:5)
  4 howler monkeys
  5 bombardier beetles
  3 jellies
  2 hounds
  5 orc priests
  2 gnoll boudas
  A sleepcap (D:5)
  6 orc wizards
  3 iguanas
  13 gnolls
  5 adders
  A river rat (D:4)
  4 white imps
  3 dart slugs
  4 ribbon worms
  27 orcs
  8 ball pythons
  6 endoplasms
  2 giant cockroaches
  7 goblins
  6 hobgoblins
  10 jackals
  2 quokkas
  5 bats
  8 frilled lizards
  4 kobolds
  6 rats
236 creatures vanquished.

Notes
Turn   | Place    | Note
-------+----------+-------------------------------------------
     0 | D:1      | qw the Spriggan Hunter began the quest for the Orb.
     0 | D:1      | Reached XP level 1. HP: 10/10 MP: 2/2
     0 | D:1      | 0 ||| qw: Version: 0.3-a-155-g5e7d8dd
     0 | D:1      | 0 ||| qw: Game counter: 180
     0 | D:1      | 0 ||| qw: Melee chars always use a shield: true
     0 | D:1      | 0 ||| qw: God list: Okawaru
     0 | D:1      | 0 ||| qw: Allow faded altars: false
     0 | D:1      | 0 ||| qw: Do Orc after clearing Dungeon:15 true
     0 | D:1      | 0 ||| qw: Do second Lair branch before Depths: true
     0 | D:1      | 0 ||| qw: Lair rune preference: random
     0 | D:1      | 0 ||| qw: Goals: Normal
     0 | D:1      | 0 ||| PLANNING D:1-11
    22 | D:1      | Reached skill level 3 in Dodging
   152 | D:1      | Reached XP level 2. HP: 14/14 MP: 3/3
   243 | D:1      | Reached skill level 4 in Dodging
   500 | D:1      | 500 ||| UPGRADING to ring of protection from fire.
   501 | D:1      | 501 ||| READING scroll labelled QORUIGO EBYTUSINT.
   602 | D:1      | 602 ||| READING scroll labelled IBLIPY XURYNN.
   602 | D:1      | 602 ||| IDENTIFYING 2 fizzy cyan potions
   603 | D:1      | 603 ||| READING scroll labelled KAECLO LAOLUN.
   603 | D:1      | Identified a scroll of acquirement
   603 | D:1      | 603 ||| ACQUIRING +1 orcbow of flaming
   603 | D:1      | Acquired a +1 orcbow of flaming
   605 | D:1      | 605 ||| SWAPPING to +1 orcbow of flaming.
   606 | D:1      | 606 ||| DROPPING +0 shortbow.
   607 | D:1      | 607 ||| READING scroll labelled JYTTECO SEGU.
   608 | D:1      | 608 ||| READING scroll labelled KAITWA ICUSS.
   609 | D:1      | 609 ||| READING 3 scrolls labelled KAFISY HA POHI.
   610 | D:1      | 610 ||| DRINKING 3 murky golden potions.
   616 | D:1      | 616 ||| DROPPING scroll of butterflies.
   617 | D:1      | 617 ||| DROPPING 2 potions of ambrosia.
   618 | D:1      | 618 ||| DROPPING 2 scrolls of revelation.
   964 | D:2      | Reached XP level 3. HP: 18/18 MP: 4/4
  1660 | D:2      | 1660 ||| READING scroll of identify.
  1660 | D:2      | 1660 ||| IDENTIFYING fizzy orange potion
  1661 | D:2      | 1661 ||| READING scroll labelled KALA YSHUCOYDGH.
  1662 | D:2      | 1662 ||| DROPPING potion of berserk rage.
  2175 | D:3      | Reached XP level 4. HP: 22/22 MP: 5/5
  2439 | D:3      | Found an iron altar of Okawaru.
  2440 | D:3      | 2440 ||| PLANNING OKAWARU WORSHIP
  2442 | D:3      | Found a hide-covered altar of Uskayaw.
  2443 | D:3      | 2443 ||| READING scroll of identify.
  2443 | D:3      | 2443 ||| IDENTIFYING fizzy white potion
  2444 | D:3      | 2444 ||| READING 3 scrolls labelled JAPHAG UTSOHE.
  2444 | D:3      | 2444 ||| ENCHANTING +0 robe.
  2449 | D:3      | Became a worshipper of Warmaster Okawaru
  2450 | D:3      | 2450 ||| PLANNING D:1-11
  2576 | D:4      | 2576 ||| PLANNING SEWER
  2632 | D:4      | Reached skill level 5 in Dodging
  2795 | D:4      | Found a glowing golden altar of the Shining One.
  2800 | D:4      | Reached XP level 5. HP: 26/26 MP: 6/6
  2834 | D:4      | You fall into a shaft and drop 1 floor!
  2834 | D:5      | Entered Level 5 of the Dungeon
  2878 | D:5      | Noticed a phantom
  2879 | D:5      | 2879 ||| DRINKING 2 potions of haste.
  2888 | D:5      | Killed a phantom
  2888 | D:5      | Reached * piety under Okawaru
  2889 | D:5      | Reached skill level 6 in Ranged Weapons
  2889 | D:5      | Reached XP level 6. HP: 23/30 MP: 7/7
  2970 | D:5      | Reached skill level 1 in Invocations
  2977 | D:5      | Reached skill level 6 in Dodging
  3088 | D:5      | 3088 ||| UPGRADING to +5 ring of evasion.
  3089 | D:5      | 3089 ||| READING scroll of identify.
  3089 | D:5      | 3089 ||| IDENTIFYING bubbling white potion
  3090 | D:5      | 3090 ||| DROPPING potion of brilliance.
  3095 | D:5      | Noticed Pikel
  3095 | D:5      | 3095 ||| INVOKING Heroism.
  3096 | D:5      | Noticed Sigmund
  3104 | D:5      | Killed Pikel
  3105 | D:5      | Reached XP level 7. HP: 23/35 MP: 7/11
  3106 | D:5      | Killed Sigmund
  3106 | D:5      | Reached ** piety under Okawaru
  3107 | D:5      | Reached skill level 7 in Dodging
  3107 | D:5      | Reached XP level 8. HP: 26/39 MP: 7/12
  3107 | D:5      | Noticed Duvessa
  3108 | D:5      | 3108 ||| FLEEEEING.
  3109 | D:5      | 3109 ||| FLEEEEING.
  3110 | D:5      | 3110 ||| FLEEEEING.
  3111 | D:5      | 3111 ||| FLEEEEING.
  3112 | D:5      | 3112 ||| STAIRDANCE
  3239 | D:4      | Found a glowing drain.
  3242 | D:4      | 3242 ||| READING scroll labelled EFERCH ZUACYEXALAE.
  3246 | D:4      | 3246 ||| Stepping randomly (stuck).
  3247 | D:4      | 3247 ||| Stepping randomly (stuck).
  3248 | D:4      | 3248 ||| Stepping randomly (stuck).
  3249 | D:4      | 3249 ||| Stepping randomly (stuck).
  3250 | D:4      | 3250 ||| Stepping randomly (stuck).
  3251 | D:4      | 3251 ||| Stepping randomly (stuck).
  3252 | D:4      | 3252 ||| Stepping randomly (stuck).
  3253 | D:4      | 3253 ||| Stepping randomly (stuck).
  3254 | D:4      | 3254 ||| Stepping randomly (stuck).
  3255 | D:4      | 3255 ||| Stepping randomly (stuck).
  3256 | D:4      | 3256 ||| Stepping randomly (stuck).
  3257 | D:4      | 3257 ||| Stepping randomly (stuck).
  3258 | D:4      | 3258 ||| Stepping randomly (stuck).
  3259 | D:4      | 3259 ||| Stepping randomly (stuck).
  3260 | D:4      | 3260 ||| Stepping randomly (stuck).
  3261 | D:4      | 3261 ||| Stepping randomly (stuck).
  3262 | D:4      | 3262 ||| Stepping randomly (stuck).
  3263 | D:4      | 3263 ||| Stepping randomly (stuck).
  3264 | D:4      | 3264 ||| Stepping randomly (stuck).
  3265 | D:4      | 3265 ||| Stepping randomly (stuck).
  3266 | D:4      | 3266 ||| Stepping randomly (stuck).
  3267 | D:4      | 3267 ||| Stepping randomly (stuck).
  3268 | D:4      | 3268 ||| Stepping randomly (stuck).
  3269 | D:4      | 3269 ||| Stepping randomly (stuck).
  3270 | D:4      | 3270 ||| Stepping randomly (stuck).
  3271 | D:4      | 3271 ||| Stepping randomly (stuck).
  3272 | D:4      | 3272 ||| Stepping randomly (stuck).
  3273 | D:4      | 3273 ||| Stepping randomly (stuck).
  3274 | D:4      | 3274 ||| Stepping randomly (stuck).
  3275 | D:4      | 3275 ||| Stepping randomly (stuck).
  3276 | D:4      | 3276 ||| Stepping randomly (stuck).
  3277 | D:4      | 3277 ||| Stepping randomly (stuck).
  3278 | D:4      | 3278 ||| Stepping randomly (stuck).
  3279 | D:4      | 3279 ||| Stepping randomly (stuck).
  3280 | D:4      | 3280 ||| Stepping randomly (stuck).
  3281 | D:4      | 3281 ||| Stepping randomly (stuck).
  3282 | D:4      | 3282 ||| Stepping randomly (stuck).
  3283 | D:4      | 3283 ||| Stepping randomly (stuck).
  3284 | D:4      | 3284 ||| Stepping randomly (stuck).
  3285 | D:4      | 3285 ||| Stepping randomly (stuck).
  3286 | D:4      | 3286 ||| Stepping randomly (stuck).
  3287 | D:4      | 3287 ||| Stepping randomly (stuck).
  3288 | D:4      | 3288 ||| Stepping randomly (stuck).
  3289 | D:4      | 3289 ||| Stepping randomly (stuck).
  3290 | D:4      | 3290 ||| Stepping randomly (stuck).
  3291 | D:4      | 3291 ||| Stepping randomly (stuck).
  3292 | D:4      | 3292 ||| Stepping randomly (stuck).
  3293 | D:4      | 3293 ||| Stepping randomly (stuck).
  3294 | D:4      | 3294 ||| Stepping randomly (stuck).
  3295 | D:4      | 3295 ||| Stepping randomly (stuck).
  3296 | D:4      | 3296 ||| Stepping randomly (stuck).
  3297 | D:4      | 3297 ||| Stepping randomly (stuck).
  3298 | D:4      | 3298 ||| Stepping randomly (stuck).
  3299 | D:4      | 3299 ||| Stepping randomly (stuck).
  3300 | D:4      | 3300 ||| Stepping randomly (stuck).
  3301 | D:4      | 3301 ||| Stepping randomly (stuck).
  3302 | D:4      | 3302 ||| Stepping randomly (stuck).
  3303 | D:4      | 3303 ||| Stepping randomly (stuck).
  3304 | D:4      | 3304 ||| Stepping randomly (stuck).
  3305 | D:4      | 3305 ||| Stepping randomly (stuck).
  3306 | D:4      | 3306 ||| Stepping randomly (stuck).
  3307 | D:4      | 3307 ||| Stepping randomly (stuck).
  3308 | D:4      | 3308 ||| Stepping randomly (stuck).
  3309 | D:4      | 3309 ||| Stepping randomly (stuck).
  3310 | D:4      | 3310 ||| Stepping randomly (stuck).
  3311 | D:4      | 3311 ||| Stepping randomly (stuck).
  3312 | D:4      | 3312 ||| Stepping randomly (stuck).
  3313 | D:4      | 3313 ||| Stepping randomly (stuck).
  3314 | D:4      | 3314 ||| Stepping randomly (stuck).
  3315 | D:4      | 3315 ||| Stepping randomly (stuck).
  3316 | D:4      | 3316 ||| Stepping randomly (stuck).
  3317 | D:4      | 3317 ||| Stepping randomly (stuck).
  3318 | D:4      | 3318 ||| Stepping randomly (stuck).
  3319 | D:4      | 3319 ||| Stepping randomly (stuck).
  3320 | D:4      | 3320 ||| Stepping randomly (stuck).
  3321 | D:4      | 3321 ||| Stepping randomly (stuck).
  3322 | D:4      | 3322 ||| Stepping randomly (stuck).
  3323 | D:4      | 3323 ||| Stepping randomly (stuck).
  3324 | D:4      | 3324 ||| Stepping randomly (stuck).
  3325 | D:4      | 3325 ||| Stepping randomly (stuck).
  3326 | D:4      | 3326 ||| Stepping randomly (stuck).
  3327 | D:4      | 3327 ||| Stepping randomly (stuck).
  3328 | D:4      | 3328 ||| Stepping randomly (stuck).
  3329 | D:4      | 3329 ||| Stepping randomly (stuck).
  3330 | D:4      | 3330 ||| Stepping randomly (stuck).
  3331 | D:4      | 3331 ||| Stepping randomly (stuck).
  3332 | D:4      | 3332 ||| Stepping randomly (stuck).
  3333 | D:4      | 3333 ||| Stepping randomly (stuck).
  3334 | D:4      | 3334 ||| Stepping randomly (stuck).
  3335 | D:4      | 3335 ||| Stepping randomly (stuck).
  3336 | D:4      | 3336 ||| Stepping randomly (stuck).
  3337 | D:4      | 3337 ||| Stepping randomly (stuck).
  3338 | D:4      | 3338 ||| Stepping randomly (stuck).
  3339 | D:4      | 3339 ||| Stepping randomly (stuck).
  3340 | D:4      | 3340 ||| Stepping randomly (stuck).
  3341 | D:4      | 3341 ||| Stepping randomly (stuck).
  3342 | D:4      | 3342 ||| Stepping randomly (stuck).
  3343 | D:4      | 3343 ||| Stepping randomly (stuck).
  3344 | D:4      | 3344 ||| Stepping randomly (stuck).
  3345 | D:4      | 3345 ||| Stepping randomly (stuck).
  3346 | D:4      | 3346 ||| Stepping randomly (stuck).
  3347 | D:4      | 3347 ||| Stepping randomly (stuck).
  3348 | D:4      | 3348 ||| Stepping randomly (stuck).
  3349 | D:4      | 3349 ||| Stepping randomly (stuck).
  3350 | D:4      | 3350 ||| Stepping randomly (stuck).
  3351 | D:4      | 3351 ||| Stepping randomly (stuck).
  3352 | D:4      | 3352 ||| Stepping randomly (stuck).
  3353 | D:4      | 3353 ||| Stepping randomly (stuck).
  3354 | D:4      | 3354 ||| Stepping randomly (stuck).
  3355 | D:4      | 3355 ||| Stepping randomly (stuck).
  3356 | D:4      | 3356 ||| Stepping randomly (stuck).
  3357 | D:4      | 3357 ||| Stepping randomly (stuck).
  3358 | D:4      | 3358 ||| Stepping randomly (stuck).
  3359 | D:4      | 3359 ||| Stepping randomly (stuck).
  3360 | D:4      | 3360 ||| Stepping randomly (stuck).
  3361 | D:4      | 3361 ||| Stepping randomly (stuck).
  3362 | D:4      | 3362 ||| Stepping randomly (stuck).
  3363 | D:4      | 3363 ||| Stepping randomly (stuck).
  3364 | D:4      | 3364 ||| Stepping randomly (stuck).
  3365 | D:4      | 3365 ||| Stepping randomly (stuck).
  3366 | D:4      | 3366 ||| Stepping randomly (stuck).
  3367 | D:4      | 3367 ||| Stepping randomly (stuck).
  3368 | D:4      | 3368 ||| Stepping randomly (stuck).
  3369 | D:4      | 3369 ||| Stepping randomly (stuck).
  3370 | D:4      | 3370 ||| Stepping randomly (stuck).
  3371 | D:4      | 3371 ||| Stepping randomly (stuck).
  3372 | D:4      | 3372 ||| Stepping randomly (stuck).
  3373 | D:4      | 3373 ||| Stepping randomly (stuck).
  3374 | D:4      | 3374 ||| Stepping randomly (stuck).
  3375 | D:4      | 3375 ||| Stepping randomly (stuck).
  3376 | D:4      | 3376 ||| Stepping randomly (stuck).
  3377 | D:4      | 3377 ||| Stepping randomly (stuck).
  3378 | D:4      | 3378 ||| Stepping randomly (stuck).
  3379 | D:4      | 3379 ||| Stepping randomly (stuck).
  3380 | D:4      | 3380 ||| Stepping randomly (stuck).
  3381 | D:4      | 3381 ||| Stepping randomly (stuck).
  3382 | D:4      | 3382 ||| Stepping randomly (stuck).
  3383 | D:4      | 3383 ||| Stepping randomly (stuck).
  3384 | D:4      | 3384 ||| Stepping randomly (stuck).
  3385 | D:4      | 3385 ||| Stepping randomly (stuck).
  3386 | D:4      | 3386 ||| Stepping randomly (stuck).
  3387 | D:4      | 3387 ||| Stepping randomly (stuck).
  3388 | D:4      | 3388 ||| Stepping randomly (stuck).
  3389 | D:4      | 3389 ||| Stepping randomly (stuck).
  3390 | D:4      | 3390 ||| Stepping randomly (stuck).
  3391 | D:4      | 3391 ||| Stepping randomly (stuck).
  3392 | D:4      | 3392 ||| Stepping randomly (stuck).
  3393 | D:4      | 3393 ||| Stepping randomly (stuck).
  3394 | D:4      | 3394 ||| Stepping randomly (stuck).
  3395 | D:4      | 3395 ||| Stepping randomly (stuck).
  3396 | D:4      | 3396 ||| Stepping randomly (stuck).
  3397 | D:4      | 3397 ||| Stepping randomly (stuck).
  3398 | D:4      | 3398 ||| Stepping randomly (stuck).
  3399 | D:4      | 3399 ||| Stepping randomly (stuck).
  3400 | D:4      | 3400 ||| Stepping randomly (stuck).
  3401 | D:4      | 3401 ||| Stepping randomly (stuck).
  3402 | D:4      | 3402 ||| Stepping randomly (stuck).
  3403 | D:4      | 3403 ||| Stepping randomly (stuck).
  3404 | D:4      | 3404 ||| Stepping randomly (stuck).
  3405 | D:4      | 3405 ||| Stepping randomly (stuck).
  3406 | D:4      | 3406 ||| Stepping randomly (stuck).
  3407 | D:4      | 3407 ||| Stepping randomly (stuck).
  3408 | D:4      | 3408 ||| Stepping randomly (stuck).
  3409 | D:4      | 3409 ||| Stepping randomly (stuck).
  3410 | D:4      | 3410 ||| Stepping randomly (stuck).
  3411 | D:4      | 3411 ||| Stepping randomly (stuck).
  3412 | D:4      | 3412 ||| Stepping randomly (stuck).
  3413 | D:4      | 3413 ||| Stepping randomly (stuck).
  3414 | D:4      | 3414 ||| Stepping randomly (stuck).
  3415 | D:4      | 3415 ||| Stepping randomly (stuck).
  3416 | D:4      | 3416 ||| Stepping randomly (stuck).
  3417 | D:4      | 3417 ||| Stepping randomly (stuck).
  3418 | D:4      | 3418 ||| Stepping randomly (stuck).
  3419 | D:4      | 3419 ||| Stepping randomly (stuck).
  3420 | D:4      | 3420 ||| Stepping randomly (stuck).
  3421 | D:4      | 3421 ||| Stepping randomly (stuck).
  3422 | D:4      | 3422 ||| Stepping randomly (stuck).
  3423 | D:4      | 3423 ||| Stepping randomly (stuck).
  3424 | D:4      | 3424 ||| Stepping randomly (stuck).
  3425 | D:4      | 3425 ||| Stepping randomly (stuck).
  3426 | D:4      | 3426 ||| Stepping randomly (stuck).
  3427 | D:4      | 3427 ||| Stepping randomly (stuck).
  3428 | D:4      | 3428 ||| Stepping randomly (stuck).
  3429 | D:4      | 3429 ||| Stepping randomly (stuck).
  3430 | D:4      | 3430 ||| Stepping randomly (stuck).
  3431 | D:4      | 3431 ||| Stepping randomly (stuck).
  3432 | D:4      | 3432 ||| Stepping randomly (stuck).
  3433 | D:4      | 3433 ||| Stepping randomly (stuck).
  3434 | D:4      | 3434 ||| Stepping randomly (stuck).
  3435 | D:4      | 3435 ||| Stepping randomly (stuck).
  3436 | D:4      | 3436 ||| Stepping randomly (stuck).
  3437 | D:4      | 3437 ||| Stepping randomly (stuck).
  3438 | D:4      | 3438 ||| Stepping randomly (stuck).
  3439 | D:4      | 3439 ||| Stepping randomly (stuck).
  3440 | D:4      | 3440 ||| Stepping randomly (stuck).
  3441 | D:4      | 3441 ||| Stepping randomly (stuck).
  3442 | D:4      | 3442 ||| Stepping randomly (stuck).
  3443 | D:4      | 3443 ||| Stepping randomly (stuck).
  3444 | D:4      | 3444 ||| Stepping randomly (stuck).
  3445 | D:4      | 3445 ||| Stepping randomly (stuck).
  3446 | D:4      | 3446 ||| Stepping randomly (stuck).
  3447 | D:4      | 3447 ||| Stepping randomly (stuck).
  3448 | D:4      | 3448 ||| Stepping randomly (stuck).
  3450 | D:4      | 3450 ||| READING scroll labelled CON QEIPPEINEE.
  3451 | D:4      | 3451 ||| Stepping randomly (stuck).
  3452 | D:4      | 3452 ||| Stepping randomly (stuck).
  3453 | D:4      | 3453 ||| Stepping randomly (stuck).
  3454 | D:4      | 3454 ||| Stepping randomly (stuck).
  3455 | D:4      | 3455 ||| Stepping randomly (stuck).
  3456 | D:4      | 3456 ||| Stepping randomly (stuck).
  3457 | D:4      | 3457 ||| Stepping randomly (stuck).
  3458 | D:4      | 3458 ||| Stepping randomly (stuck).
  3459 | D:4      | 3459 ||| Stepping randomly (stuck).
  3460 | D:4      | 3460 ||| Stepping randomly (stuck).
  3462 | D:4      | 3462 ||| Stepping randomly (stuck).
  3463 | D:4      | 3463 ||| Stepping randomly (stuck).
  3464 | D:4      | 3464 ||| Stepping randomly (stuck).
  3465 | D:4      | 3465 ||| Stepping randomly (stuck).
  3466 | D:4      | 3466 ||| Stepping randomly (stuck).
  3467 | D:4      | 3467 ||| Stepping randomly (stuck).
  3468 | D:4      | 3468 ||| Stepping randomly (stuck).
  3469 | D:4      | 3469 ||| Stepping randomly (stuck).
  3470 | D:4      | 3470 ||| Stepping randomly (stuck).
  3471 | D:4      | 3471 ||| Stepping randomly (stuck).
  3472 | D:4      | 3472 ||| Stepping randomly (stuck).
  3473 | D:4      | 3473 ||| Stepping randomly (stuck).
  3474 | D:4      | 3474 ||| Stepping randomly (stuck).
  3475 | D:4      | 3475 ||| Stepping randomly (stuck).
  3476 | D:4      | 3476 ||| Stepping randomly (stuck).
  3477 | D:4      | 3477 ||| Stepping randomly (stuck).
  3478 | D:4      | 3478 ||| Stepping randomly (stuck).
  3479 | D:4      | 3479 ||| Stepping randomly (stuck).
  3480 | D:4      | 3480 ||| Stepping randomly (stuck).
  3481 | D:4      | 3481 ||| Stepping randomly (stuck).
  3482 | D:4      | 3482 ||| Stepping randomly (stuck).
  3483 | D:4      | 3483 ||| Stepping randomly (stuck).
  3484 | D:4      | 3484 ||| Stepping randomly (stuck).
  3485 | D:4      | 3485 ||| Stepping randomly (stuck).
  3487 | D:4      | 3487 ||| READING scroll labelled MOOLOM DUELYP.
  3487 | D:4      | 3487 ||| ENCHANTING +1 orcbow of flaming.
  3488 | D:4      | 3488 ||| Stepping randomly (stuck).
  3489 | D:4      | 3489 ||| Stepping randomly (stuck).
  3490 | D:4      | 3490 ||| Stepping randomly (stuck).
  3491 | D:4      | 3491 ||| Stepping randomly (stuck).
  3492 | D:4      | 3492 ||| Stepping randomly (stuck).
  3493 | D:4      | 3493 ||| Stepping randomly (stuck).
  3494 | D:4      | 3494 ||| Stepping randomly (stuck).
  3495 | D:4      | 3495 ||| Stepping randomly (stuck).
  3496 | D:4      | 3496 ||| Stepping randomly (stuck).
  3497 | D:4      | 3497 ||| Stepping randomly (stuck).
  3498 | D:4      | 3498 ||| Stepping randomly (stuck).
  3499 | D:4      | 3499 ||| Stepping randomly (stuck).
  3500 | D:4      | 3500 ||| Stepping randomly (stuck).
  3501 | D:4      | 3501 ||| Stepping randomly (stuck).
  3502 | D:4      | 3502 ||| Stepping randomly (stuck).
  3503 | D:4      | 3503 ||| Stepping randomly (stuck).
  3504 | D:4      | 3504 ||| Stepping randomly (stuck).
  3505 | D:4      | 3505 ||| Stepping randomly (stuck).
  3506 | D:4      | 3506 ||| Stepping randomly (stuck).
  3507 | D:4      | 3507 ||| Stepping randomly (stuck).
  3508 | D:4      | 3508 ||| Stepping randomly (stuck).
  3509 | D:4      | 3509 ||| Stepping randomly (stuck).
  3510 | D:4      | 3510 ||| Stepping randomly (stuck).
  3511 | D:4      | 3511 ||| Stepping randomly (stuck).
  3512 | D:4      | 3512 ||| Stepping randomly (stuck).
  3513 | D:4      | 3513 ||| Stepping randomly (stuck).
  3514 | D:4      | 3514 ||| Stepping randomly (stuck).
  3515 | D:4      | 3515 ||| Stepping randomly (stuck).
  3516 | D:4      | 3516 ||| Stepping randomly (stuck).
  3517 | D:4      | 3517 ||| Stepping randomly (stuck).
  3518 | D:4      | 3518 ||| Stepping randomly (stuck).
  3519 | D:4      | 3519 ||| Stepping randomly (stuck).
  3520 | D:4      | 3520 ||| Stepping randomly (stuck).
  3521 | D:4      | 3521 ||| Stepping randomly (stuck).
  3522 | D:4      | 3522 ||| Stepping randomly (stuck).
  3523 | D:4      | 3523 ||| Stepping randomly (stuck).
  3524 | D:4      | 3524 ||| Stepping randomly (stuck).
  3525 | D:4      | 3525 ||| Stepping randomly (stuck).
  3526 | D:4      | 3526 ||| Stepping randomly (stuck).
  3527 | D:4      | 3527 ||| Stepping randomly (stuck).
  3528 | D:4      | 3528 ||| Stepping randomly (stuck).
  3529 | D:4      | 3529 ||| Stepping randomly (stuck).
  3530 | D:4      | 3530 ||| Stepping randomly (stuck).
  3531 | D:4      | 3531 ||| Stepping randomly (stuck).
  3532 | D:4      | 3532 ||| Stepping randomly (stuck).
  3533 | D:4      | 3533 ||| Stepping randomly (stuck).
  3534 | D:4      | 3534 ||| Stepping randomly (stuck).
  3535 | D:4      | 3535 ||| Stepping randomly (stuck).
  3536 | D:4      | 3536 ||| Stepping randomly (stuck).
  3537 | D:4      | 3537 ||| Stepping randomly (stuck).
  3538 | D:4      | 3538 ||| Stepping randomly (stuck).
  3539 | D:4      | 3539 ||| Stepping randomly (stuck).
  3540 | D:4      | 3540 ||| Stepping randomly (stuck).
  3541 | D:4      | 3541 ||| Stepping randomly (stuck).
  3542 | D:4      | 3542 ||| Stepping randomly (stuck).
  3543 | D:4      | 3543 ||| Stepping randomly (stuck).
  3544 | D:4      | 3544 ||| Stepping randomly (stuck).
  3545 | D:4      | 3545 ||| Stepping randomly (stuck).
  3546 | D:4      | 3546 ||| Stepping randomly (stuck).
  3547 | D:4      | 3547 ||| Stepping randomly (stuck).
  3548 | D:4      | 3548 ||| Stepping randomly (stuck).
  3549 | D:4      | 3549 ||| Stepping randomly (stuck).
  3550 | D:4      | 3550 ||| Stepping randomly (stuck).
  3551 | D:4      | 3551 ||| Stepping randomly (stuck).
  3552 | D:4      | 3552 ||| Stepping randomly (stuck).
  3553 | D:4      | 3553 ||| Stepping randomly (stuck).
  3554 | D:4      | 3554 ||| Stepping randomly (stuck).
  3555 | D:4      | 3555 ||| Stepping randomly (stuck).
  3556 | D:4      | 3556 ||| Stepping randomly (stuck).
  3557 | D:4      | 3557 ||| Stepping randomly (stuck).
  3558 | D:4      | 3558 ||| Stepping randomly (stuck).
  3559 | D:4      | 3559 ||| Stepping randomly (stuck).
  3560 | D:4      | 3560 ||| Stepping randomly (stuck).
  3561 | D:4      | 3561 ||| Stepping randomly (stuck).
  3562 | D:4      | 3562 ||| Stepping randomly (stuck).
  3563 | D:4      | 3563 ||| Stepping randomly (stuck).
  3564 | D:4      | 3564 ||| Stepping randomly (stuck).
  3565 | D:4      | 3565 ||| Stepping randomly (stuck).
  3566 | D:4      | 3566 ||| Stepping randomly (stuck).
  3567 | D:4      | 3567 ||| Stepping randomly (stuck).
  3568 | D:4      | 3568 ||| Stepping randomly (stuck).
  3569 | D:4      | 3569 ||| Stepping randomly (stuck).
  3570 | D:4      | 3570 ||| Stepping randomly (stuck).
  3571 | D:4      | 3571 ||| Stepping randomly (stuck).
  3572 | D:4      | 3572 ||| Stepping randomly (stuck).
  3573 | D:4      | 3573 ||| Stepping randomly (stuck).
  3574 | D:4      | 3574 ||| Stepping randomly (stuck).
  3575 | D:4      | 3575 ||| Stepping randomly (stuck).
  3576 | D:4      | 3576 ||| Stepping randomly (stuck).
  3577 | D:4      | 3577 ||| Stepping randomly (stuck).
  3578 | D:4      | 3578 ||| Stepping randomly (stuck).
  3579 | D:4      | 3579 ||| Stepping randomly (stuck).
  3580 | D:4      | 3580 ||| Stepping randomly (stuck).
  3581 | D:4      | 3581 ||| Stepping randomly (stuck).
  3582 | D:4      | 3582 ||| Stepping randomly (stuck).
  3583 | D:4      | 3583 ||| Stepping randomly (stuck).
  3584 | D:4      | 3584 ||| Stepping randomly (stuck).
  3585 | D:4      | 3585 ||| Stepping randomly (stuck).
  3586 | D:4      | 3586 ||| Stepping randomly (stuck).
  3587 | D:4      | 3587 ||| Stepping randomly (stuck).
  3588 | D:4      | 3588 ||| Stepping randomly (stuck).
  3589 | D:4      | 3589 ||| Stepping randomly (stuck).
  3590 | D:4      | 3590 ||| Stepping randomly (stuck).
  3591 | D:4      | 3591 ||| Stepping randomly (stuck).
  3592 | D:4      | 3592 ||| Stepping randomly (stuck).
  3593 | D:4      | 3593 ||| Stepping randomly (stuck).
  3594 | D:4      | 3594 ||| Stepping randomly (stuck).
  3595 | D:4      | 3595 ||| Stepping randomly (stuck).
  3596 | D:4      | 3596 ||| Stepping randomly (stuck).
  3597 | D:4      | 3597 ||| Stepping randomly (stuck).
  3598 | D:4      | 3598 ||| Stepping randomly (stuck).
  3599 | D:4      | 3599 ||| Stepping randomly (stuck).
  3600 | D:4      | 3600 ||| Stepping randomly (stuck).
  3601 | D:4      | 3601 ||| Stepping randomly (stuck).
  3602 | D:4      | 3602 ||| Stepping randomly (stuck).
  3603 | D:4      | 3603 ||| Stepping randomly (stuck).
  3604 | D:4      | 3604 ||| Stepping randomly (stuck).
  3605 | D:4      | 3605 ||| Stepping randomly (stuck).
  3606 | D:4      | 3606 ||| Stepping randomly (stuck).
  3607 | D:4      | 3607 ||| Stepping randomly (stuck).
  3608 | D:4      | 3608 ||| Stepping randomly (stuck).
  3609 | D:4      | 3609 ||| Stepping randomly (stuck).
  3610 | D:4      | 3610 ||| Stepping randomly (stuck).
  3611 | D:4      | 3611 ||| Stepping randomly (stuck).
  3612 | D:4      | 3612 ||| Stepping randomly (stuck).
  3613 | D:4      | 3613 ||| Stepping randomly (stuck).
  3614 | D:4      | 3614 ||| Stepping randomly (stuck).
  3615 | D:4      | 3615 ||| Stepping randomly (stuck).
  3616 | D:4      | 3616 ||| Stepping randomly (stuck).
  3617 | D:4      | 3617 ||| Stepping randomly (stuck).
  3618 | D:4      | 3618 ||| Stepping randomly (stuck).
  3619 | D:4      | 3619 ||| Stepping randomly (stuck).
  3620 | D:4      | 3620 ||| Stepping randomly (stuck).
  3621 | D:4      | 3621 ||| Stepping randomly (stuck).
  3622 | D:4      | 3622 ||| Stepping randomly (stuck).
  3623 | D:4      | 3623 ||| Stepping randomly (stuck).
  3624 | D:4      | 3624 ||| Stepping randomly (stuck).
  3625 | D:4      | 3625 ||| Stepping randomly (stuck).
  3626 | D:4      | 3626 ||| Stepping randomly (stuck).
  3627 | D:4      | 3627 ||| Stepping randomly (stuck).
  3628 | D:4      | 3628 ||| Stepping randomly (stuck).
  3629 | D:4      | 3629 ||| Stepping randomly (stuck).
  3630 | D:4      | 3630 ||| Stepping randomly (stuck).
  3631 | D:4      | 3631 ||| Stepping randomly (stuck).
  3632 | D:4      | 3632 ||| Stepping randomly (stuck).
  3633 | D:4      | 3633 ||| Stepping randomly (stuck).
  3634 | D:4      | 3634 ||| Stepping randomly (stuck).
  3635 | D:4      | 3635 ||| Stepping randomly (stuck).
  3636 | D:4      | 3636 ||| Stepping randomly (stuck).
  3637 | D:4      | 3637 ||| Stepping randomly (stuck).
  3638 | D:4      | 3638 ||| Stepping randomly (stuck).
  3639 | D:4      | 3639 ||| Stepping randomly (stuck).
  3640 | D:4      | 3640 ||| Stepping randomly (stuck).
  3641 | D:4      | 3641 ||| Stepping randomly (stuck).
  3642 | D:4      | 3642 ||| Stepping randomly (stuck).
  3643 | D:4      | 3643 ||| Stepping randomly (stuck).
  3644 | D:4      | 3644 ||| Stepping randomly (stuck).
  3645 | D:4      | 3645 ||| Stepping randomly (stuck).
  3646 | D:4      | 3646 ||| Stepping randomly (stuck).
  3647 | D:4      | 3647 ||| Stepping randomly (stuck).
  3648 | D:4      | 3648 ||| Stepping randomly (stuck).
  3649 | D:4      | 3649 ||| Stepping randomly (stuck).
  3650 | D:4      | 3650 ||| Stepping randomly (stuck).
  3651 | D:4      | 3651 ||| Stepping randomly (stuck).
  3652 | D:4      | 3652 ||| Stepping randomly (stuck).
  3653 | D:4      | 3653 ||| Stepping randomly (stuck).
  3654 | D:4      | 3654 ||| Stepping randomly (stuck).
  3655 | D:4      | 3655 ||| Stepping randomly (stuck).
  3656 | D:4      | 3656 ||| Stepping randomly (stuck).
  3657 | D:4      | 3657 ||| Stepping randomly (stuck).
  3658 | D:4      | 3658 ||| Stepping randomly (stuck).
  3659 | D:4      | 3659 ||| Stepping randomly (stuck).
  3660 | D:4      | 3660 ||| Stepping randomly (stuck).
  3661 | D:4      | 3661 ||| Stepping randomly (stuck).
  3662 | D:4      | 3662 ||| Stepping randomly (stuck).
  3663 | D:4      | 3663 ||| Stepping randomly (stuck).
  3664 | D:4      | 3664 ||| Stepping randomly (stuck).
  3665 | D:4      | 3665 ||| Stepping randomly (stuck).
  3666 | D:4      | 3666 ||| Stepping randomly (stuck).
  3667 | D:4      | 3667 ||| Stepping randomly (stuck).
  3668 | D:4      | 3668 ||| Stepping randomly (stuck).
  3669 | D:4      | 3669 ||| Stepping randomly (stuck).
  3670 | D:4      | 3670 ||| Stepping randomly (stuck).
  3671 | D:4      | 3671 ||| Stepping randomly (stuck).
  3672 | D:4      | 3672 ||| Stepping randomly (stuck).
  3673 | D:4      | 3673 ||| Stepping randomly (stuck).
  3674 | D:4      | 3674 ||| Stepping randomly (stuck).
  3675 | D:4      | 3675 ||| Stepping randomly (stuck).
  3676 | D:4      | 3676 ||| Stepping randomly (stuck).
  3677 | D:4      | 3677 ||| Stepping randomly (stuck).
  3678 | D:4      | 3678 ||| Stepping randomly (stuck).
  3679 | D:4      | 3679 ||| Stepping randomly (stuck).
  3680 | D:4      | 3680 ||| Stepping randomly (stuck).
  3681 | D:4      | 3681 ||| Stepping randomly (stuck).
  3682 | D:4      | 3682 ||| Stepping randomly (stuck).
  3683 | D:4      | 3683 ||| Stepping randomly (stuck).
  3684 | D:4      | 3684 ||| Stepping randomly (stuck).
  3685 | D:4      | 3685 ||| Stepping randomly (stuck).
  3686 | D:4      | 3686 ||| Stepping randomly (stuck).
  3687 | D:4      | 3687 ||| Stepping randomly (stuck).
  3688 | D:4      | 3688 ||| Stepping randomly (stuck).
  3689 | D:4      | 3689 ||| Stepping randomly (stuck).
  3690 | D:4      | 3690 ||| Stepping randomly (stuck).
  3691 | D:4      | 3691 ||| Stepping randomly (stuck).
  3692 | D:4      | 3692 ||| Stepping randomly (stuck).
  3693 | D:4      | 3693 ||| Stepping randomly (stuck).
  3694 | D:4      | 3694 ||| Stepping randomly (stuck).
  3695 | D:4      | 3695 ||| Stepping randomly (stuck).
  3696 | D:4      | 3696 ||| Stepping randomly (stuck).
  3697 | D:4      | 3697 ||| Stepping randomly (stuck).
  3698 | D:4      | 3698 ||| Stepping randomly (stuck).
  3699 | D:4      | 3699 ||| Stepping randomly (stuck).
  3700 | D:4      | 3700 ||| Stepping randomly (stuck).
  3701 | D:4      | 3701 ||| Stepping randomly (stuck).
  3702 | D:4      | 3702 ||| Stepping randomly (stuck).
  3703 | D:4      | 3703 ||| Stepping randomly (stuck).
  3704 | D:4      | 3704 ||| Stepping randomly (stuck).
  3705 | D:4      | 3705 ||| Stepping randomly (stuck).
  3706 | D:4      | 3706 ||| Stepping randomly (stuck).
  3707 | D:4      | 3707 ||| Stepping randomly (stuck).
  3708 | D:4      | 3708 ||| Stepping randomly (stuck).
  3709 | D:4      | 3709 ||| Stepping randomly (stuck).
  3710 | D:4      | 3710 ||| Stepping randomly (stuck).
  3711 | D:4      | 3711 ||| Stepping randomly (stuck).
  3712 | D:4      | 3712 ||| Stepping randomly (stuck).
  3713 | D:4      | 3713 ||| Stepping randomly (stuck).
  3714 | D:4      | 3714 ||| Stepping randomly (stuck).
  3715 | D:4      | 3715 ||| Stepping randomly (stuck).
  3716 | D:4      | 3716 ||| Stepping randomly (stuck).
  3717 | D:4      | 3717 ||| Stepping randomly (stuck).
  3718 | D:4      | 3718 ||| Stepping randomly (stuck).
  3719 | D:4      | 3719 ||| Stepping randomly (stuck).
  3720 | D:4      | 3720 ||| Stepping randomly (stuck).
  3721 | D:4      | 3721 ||| Stepping randomly (stuck).
  3722 | D:4      | 3722 ||| Stepping randomly (stuck).
  3723 | D:4      | 3723 ||| Stepping randomly (stuck).
  3724 | D:4      | 3724 ||| Stepping randomly (stuck).
  3725 | D:4      | 3725 ||| Stepping randomly (stuck).
  3726 | D:4      | 3726 ||| Stepping randomly (stuck).
  3727 | D:4      | 3727 ||| Stepping randomly (stuck).
  3728 | D:4      | 3728 ||| Stepping randomly (stuck).
  3729 | D:4      | 3729 ||| Stepping randomly (stuck).
  3730 | D:4      | 3730 ||| Stepping randomly (stuck).
  3731 | D:4      | 3731 ||| Stepping randomly (stuck).
  3732 | D:4      | 3732 ||| Stepping randomly (stuck).
  3733 | D:4      | 3733 ||| Stepping randomly (stuck).
  3734 | D:4      | 3734 ||| Stepping randomly (stuck).
  3735 | D:4      | 3735 ||| Stepping randomly (stuck).
  3736 | D:4      | 3736 ||| Stepping randomly (stuck).
  3737 | D:4      | 3737 ||| Stepping randomly (stuck).
  3738 | D:4      | 3738 ||| Stepping randomly (stuck).
  3739 | D:4      | 3739 ||| Stepping randomly (stuck).
  3740 | D:4      | 3740 ||| Stepping randomly (stuck).
  3741 | D:4      | 3741 ||| Stepping randomly (stuck).
  3742 | D:4      | 3742 ||| Stepping randomly (stuck).
  3743 | D:4      | 3743 ||| Stepping randomly (stuck).
  3744 | D:4      | 3744 ||| Stepping randomly (stuck).
  3745 | D:4      | 3745 ||| Stepping randomly (stuck).
  3746 | D:4      | 3746 ||| Stepping randomly (stuck).
  3747 | D:4      | 3747 ||| Stepping randomly (stuck).
  3748 | D:4      | 3748 ||| Stepping randomly (stuck).
  3749 | D:4      | 3749 ||| Stepping randomly (stuck).
  3750 | D:4      | 3750 ||| Stepping randomly (stuck).
  3751 | D:4      | 3751 ||| Stepping randomly (stuck).
  3752 | D:4      | 3752 ||| Stepping randomly (stuck).
  3753 | D:4      | 3753 ||| Stepping randomly (stuck).
  3754 | D:4      | 3754 ||| Stepping randomly (stuck).
  3755 | D:4      | 3755 ||| Stepping randomly (stuck).
  3756 | D:4      | 3756 ||| Stepping randomly (stuck).
  3757 | D:4      | 3757 ||| Stepping randomly (stuck).
  3758 | D:4      | 3758 ||| Stepping randomly (stuck).
  3759 | D:4      | 3759 ||| Stepping randomly (stuck).
  3760 | D:4      | 3760 ||| Stepping randomly (stuck).
  3761 | D:4      | 3761 ||| Stepping randomly (stuck).
  3762 | D:4      | 3762 ||| Stepping randomly (stuck).
  3763 | D:4      | 3763 ||| Stepping randomly (stuck).
  3764 | D:4      | 3764 ||| Stepping randomly (stuck).
  3765 | D:4      | 3765 ||| Stepping randomly (stuck).
  3766 | D:4      | 3766 ||| Stepping randomly (stuck).
  3767 | D:4      | 3767 ||| Stepping randomly (stuck).
  3768 | D:4      | 3768 ||| Stepping randomly (stuck).
  3769 | D:4      | 3769 ||| Stepping randomly (stuck).
  3770 | D:4      | 3770 ||| Stepping randomly (stuck).
  3771 | D:4      | 3771 ||| Stepping randomly (stuck).
  3771 | D:4      | 3771 ||| RIP SEWER
  3772 | D:4      | 3772 ||| PLANNING D:1-11
  3846 | D:4      | Found a staircase to the Ecumenical Temple.
  4158 | D:5      | Noticed Dowan
  4159 | D:5      | 4159 ||| STAIRDANCE
  4163 | D:5      | 4163 ||| STAIRDANCE
  4275 | D:5      | 4275 ||| STAIRDANCE
  4279 | D:5      | 4279 ||| STAIRDANCE
  4296 | D:5      | 4296 ||| STAIRDANCE
  4300 | D:5      | 4300 ||| STAIRDANCE
  4317 | D:5      | 4317 ||| STAIRDANCE
  4366 | D:5      | 4366 ||| STAIRDANCE
  4377 | D:5      | 4377 ||| STAIRDANCE
  4415 | D:5      | Killed Dowan
  4416 | D:5      | 4416 ||| INVOKING Heroism.
  4417 | D:5      | 4417 ||| DRINKING potion of haste.
  4427 | D:5      | Killed Duvessa
  4428 | D:5      | Reached skill level 8 in Dodging
  4535 | D:5      | 4535 ||| RETREEEEATING.
  4537 | D:5      | 4537 ||| RETREEEEATING.
  4539 | D:5      | 4539 ||| RETREEEEATING.
  4548 | D:5      | Reached skill level 3 in Fighting
  4554 | D:5      | HP: 7/40 [yak (8)]
  4558 | D:5      | Reached skill level 9 in Ranged Weapons
  4562 | D:5      | Reached *** piety under Okawaru
  4566 | D:5      | Reached skill level 9 in Dodging
  4566 | D:5      | Reached XP level 9. HP: 10/44 MP: 13/13
  4792 | D:5      | Found a runed translucent door.
  4793 | D:5      | Noticed Crazy Yiuf
  5135 | D:5      | Reached skill level 10 in Dodging
  5165 | D:5      | 5165 ||| UPGRADING to amulet of faith.
  5170 | D:5      | 5170 ||| READING scroll of identify.
  5170 | D:5      | 5170 ||| IDENTIFYING pink potion
  5171 | D:5      | 5171 ||| DROPPING potion of degeneration.
  5256 | D:5      | 5256 ||| READING scroll labelled KAGI MUTISAY.
  5440 | D:5      | 5440 ||| READING scroll labelled EFAUL LONWUYGI.
  5625 | D:6      | Noticed Eustachio
  5634 | D:6      | Killed Eustachio
  5751 | D:6      | Reached **** piety under Okawaru
  6286 | D:6      | 6286 ||| INVOKING Finesse.
  6287 | D:6      | 6287 ||| INVOKING Finesse.
  6288 | D:6      | 6288 ||| INVOKING Finesse.
  6289 | D:6      | 6289 ||| INVOKING Heroism.
  6508 | D:6      | 6508 ||| READING scroll labelled XABEMEF NYOJU.
  6509 | D:6      | 6509 ||| READING scroll labelled BAPSEU MUON.
  6655 | D:7      | Found a shimmering blue altar of Sif Muna.
  6678 | D:7      | Reached skill level 11 in Dodging
  6678 | D:7      | Reached XP level 10. HP: 40/49 MP: 15/15
  6969 | D:7      | Reached skill level 6 in Invocations
  7159 | D:7      | 7159 ||| UPGRADING to +0 robe of fire resistance.
  7169 | D:7      | 7169 ||| READING 2 scrolls of enchant armour.
  7169 | D:7      | 7169 ||| ENCHANTING +0 robe of fire resistance.
  7170 | D:7      | 7170 ||| DROPPING +1 robe.
  7171 | D:7      | 7171 ||| READING scroll of enchant armour.
  7171 | D:7      | 7171 ||| ENCHANTING +1 robe of fire resistance.
  7172 | D:7      | 7172 ||| READING 3 scrolls of identify.
  7172 | D:7      | 7172 ||| IDENTIFYING amethyst potion
  7173 | D:7      | 7173 ||| READING 2 scrolls of identify.
  7173 | D:7      | 7173 ||| IDENTIFYING murky grey potion
  7193 | D:8      | Reached ***** piety under Okawaru
  7233 | D:8      | Noticed Erica
  7234 | D:8      | 7234 ||| INVOKING Finesse.
  7247 | D:8      | Killed Erica
  7360 | D:8      | 7360 ||| READING scroll of acquirement.
  7360 | D:8      | 7360 ||| ACQUIRING ring of Vehumet's Fury {rCorr Dex+2}
  7360 | D:8      | Acquired the ring of Vehumet's Fury {rCorr Dex+2}
  7362 | D:8      | 7362 ||| UPGRADING to ring of Vehumet's Fury {rCorr Dex+2}.
  7628 | D:8      | Noticed Prince Ribbit
  7649 | D:8      | Killed Prince Ribbit
  7869 | D:8      | 7869 ||| READING 3 scrolls of identify.
  7869 | D:8      | 7869 ||| IDENTIFYING fizzy pink potion
  8019 | D:9      | Found a burning altar of Makhleb.
  8019 | D:9      | Noticed an Executioner
  8022 | D:9      | Noticed a smoke demon
  8070 | D:9      | Found a large runed translucent door.
  8072 | D:9      | Found a large runed translucent door.
  8085 | D:9      | HP: 8/49 [orc priest/divine providence (12)]
  8086 | D:9      | 8086 ||| READING scroll of teleportation.
  8087 | D:9      | 8087 ||| DRINKING 2 potions of heal wounds.
  8167 | D:9      | Found a large runed translucent door.
  8218 | D:9      | Found a large runed translucent door.
  8277 | D:9      | Noticed a boulder beetle
  8278 | D:9      | 8278 ||| ZAPPING wand of acid (11) at 1,3 (boulder beetle;
                  | floor).
  8279 | D:9      | 8279 ||| ZAPPING wand of acid (10) at 1,2 (boulder beetle;
                  | floor).
  8280 | D:9      | 8280 ||| ZAPPING wand of acid (9) at 1,2 (boulder beetle;
                  | floor).
  8281 | D:9      | 8281 ||| INVOKING Finesse.
  8301 | D:9      | Killed a boulder beetle
  8302 | D:9      | Reached skill level 12 in Dodging
  8396 | D:9      | 8396 ||| SWAPPING to +3 heavy orcbow.
  8397 | D:9      | 8397 ||| DROPPING +2 orcbow of flaming.
  8413 | D:9      | Noticed a manticore
  8448 | D:9      | Noticed a two-headed ogre
  8449 | D:9      | 8449 ||| INVOKING Finesse.
  8456 | D:9      | Killed a two-headed ogre
  8546 | D:9      | Noticed a manticore
  8547 | D:9      | 8547 ||| INVOKING Finesse.
  8550 | D:9      | Killed a manticore
  8644 | D:9      | Noticed a two-headed ogre
  8645 | D:9      | 8645 ||| INVOKING Finesse.
  8647 | D:9      | Killed a two-headed ogre
  8648 | D:9      | Reached skill level 9 in Invocations
  8648 | D:9      | Reached XP level 11. HP: 53/53 MP: 12/18
  8714 | D:9      | Found a staircase to the Lair.
  8968 | D:9      | 8968 ||| PLANNING LAIR
  8968 | D:9      | 8968 ||| DROPPING amulet of the acrobat.
  8994 | Lair:1   | Entered Level 1 of the Lair of Beasts
  8995 | Lair:1   | 8995 ||| STAIRDANCE
  9004 | D:9      | Received a gift from Okawaru
  9091 | Lair:1   | 9091 ||| STAIRDANCE
  9100 | D:9      | 9100 ||| RETREEEEATING.
  9101 | D:9      | 9101 ||| RETREEEEATING.
  9102 | D:9      | 9102 ||| RETREEEEATING.
  9103 | D:9      | 9103 ||| RETREEEEATING.
  9104 | D:9      | 9104 ||| RETREEEEATING.
  9105 | D:9      | 9105 ||| RETREEEEATING.
  9248 | Lair:1   | 9248 ||| RETREEEEATING.
  9250 | Lair:1   | 9250 ||| RETREEEEATING.
  9256 | Lair:1   | Reached skill level 13 in Dodging
  9260 | Lair:1   | 9260 ||| RETREEEEATING.
  9261 | Lair:1   | 9261 ||| INVOKING Finesse.
  9265 | Lair:1   | 9265 ||| RETREEEEATING.
  9265 | Lair:1   | HP: 5/53 [blink frog (17)]
  9266 | Lair:1   | 9266 ||| DRINKING potion of heal wounds.
  9562 | Lair:1   | Reached skill level 12 in Ranged Weapons
  9659 | Lair:1   | Received a gift from Okawaru
 10005 | Lair:1   | 10005 ||| UPGRADING to +4 ring of protection.
 10007 | Lair:1   | 10007 ||| DROPPING ring of Vehumet's Fury {rCorr Dex+2}.
 10008 | Lair:1   | 10008 ||| READING 3 scrolls of identify.
 10008 | Lair:1   | 10008 ||| IDENTIFYING scroll labelled WIMPENTIGUT
 10009 | Lair:1   | 10009 ||| DROPPING scroll of torment.
 10101 | Lair:2   | Found a hole to the Spider Nest.
 10101 | Lair:2   | Noticed a pharaoh ant
 10102 | Lair:2   | 10102 ||| INVOKING Finesse.
 10106 | Lair:2   | 10106 ||| RETREEEEATING.
 10108 | Lair:2   | Killed a pharaoh ant
 10118 | Lair:2   | HP: 2/55 [blink frog (15)]
 10119 | Lair:2   | 10119 ||| DRINKING potion of heal wounds.
 10129 | Lair:2   | HP: 5/55 [tarantella (13)]
 10130 | Lair:2   | Mangled by a tarantella

Levels and vault maps discovered:
D:1:      spicycebolla_arrival_clurvy, layout_basic
D:2:      layout_loops_cross, serial_co_window_serial, co_window_corner_a,
          co_window_of_opportunity_a, co_window_paths_a, co_window_paths_a,
          co_window_paths_a, co_window_broadway_a, co_window_corner_b,
          co_window_broadway_a, co_window_broadway_b, co_window_sun,
          co_window_paths_d, glass_columns_a, glass_columns_a
D:3:      layout_loops_corners, nicolae_overflow_squiral
D:4:      layout_cave_pods, lemuel_round_altar, minmay_temple_entry_grid,
          cheibrodos_sewer_entry_sluice
D:5:      layout_basic, minmay_puff, uniq_duvessa, uniq_sigmund, uniq_pikel,
          uniq_crazy_yiuf_cottage
D:6:      layout_loops_corners, uniq_eustachio
D:7:      layout_basic, mainiacjoe_overflow_brackets
D:8:      layout_basic, uniq_erica, uniq_prince_ribbit1
D:9:      layout_long_grid, makhleb_altar_promises_db, lair_entry_dummy,
          minmay_hollow_rounded_squares
Lair:1:   layout_roguey
Lair:2:   layout_chaotic_city, nicolae_spider_entry_lesser_pyramids,
          lemuel_fruit_fields, uniq_sonja

Skill      XL: |  1  2  3  4  5  6  7  8  9 10 11 |
---------------+----------------------------------+-----
Dodging        | 3 4 5 6 7 9 11 12 13 | 13.0
Ranged Weapons | 5 6 7 9 10 11 12 | 12.5
Fighting       | 2 3 4 5 |  5.0
Invocations    | 4 5 9 10 | 10.0
Stealth        | |  1.5

Action                     |  1- 3 |  4- 6 |  7- 9 | 10-12 || total
---------------------------+-------+-------+-------+-------++-------
   Fire: Shortbow          |    21 |       |       |       ||    21
         Orcbow            |    81 |    74 |   234 |   301 ||   690
 Invoke: Heroism           |       |     1 |     2 |       ||     3
         Finesse           |       |       |     1 |     7 ||     8
  Evoke: Wand              |       |       |       |     3 ||     3
    Use: Scroll            |     8 |     3 |     8 |     8 ||    27
         Potion            |     1 |     1 |     1 |     3 ||     6
 Armour: Robe              |       |     3 |    29 |    37 ||    69
  Dodge: Dodged            |    12 |     6 |   149 |   208 ||   375

Table legend:
 A = Non-vault XP
 B = Vault XP
 C = Vault XP percentage of total XP
 D = Non-vault monster count
 E = Vault monster count
 F = Vault count percentage of total count
                 A         B        C        D         E       F
            +---------+---------+-------+---------+---------+-------
      Total |   13326 |    6276 |  32.0 |     213 |      22 |   9.4
            +---------+---------+-------+---------+---------+-------
        D:1 |      22 |       0 |   0.0 |      15 |       0 |   0.0
        D:2 |      55 |       0 |   0.0 |      24 |       0 |   0.0
        D:3 |      43 |       0 |   0.0 |      18 |       0 |   0.0
        D:4 |     420 |      15 |   3.4 |      21 |       2 |   8.7
        D:5 |    1733 |    1196 |  40.8 |      23 |       7 |  23.3
        D:6 |    1417 |     211 |  13.0 |      23 |       1 |   4.2
        D:7 |     694 |       0 |   0.0 |      21 |       0 |   0.0
        D:8 |     673 |    1138 |  62.8 |      23 |       2 |   8.0
        D:9 |    2479 |    2798 |  53.0 |      17 |       7 |  29.2
     Lair:1 |    5098 |       0 |   0.0 |      26 |       0 |   0.0
     Lair:2 |     692 |     918 |  57.0 |       2 |       3 |  60.0
            +---------+---------+-------+---------+---------+-------
